 Dungeon Crawl Stone Soup version 0.14-a0-1969-g2c76abe (webtiles) character file.

226 Piginabag the Insei (level 5, 0/33 HPs)
             Began as an Octopode Transmuter on Jan 16, 2014.
             Slain by an orc (4 damage)
             ... on Level 3 of the Dungeon.
             The game lasted 00:05:50 (2772 turns).

Piginabag the Insei (Octopode Transmuter)           Turns: 2772, Time: 00:05:51

HP   0/33        AC  1     Str 14      XL: 5   Next: 10%
MP   7/9         EV 13     Int 16      God:
Gold 100         SH  0     Dex 13      Spells:  2 memorised,  5 levels left

rFire  . . .     SeeInvis .       - Unarmed
rCold  . . .     Clarity  +     (no shield)
rNeg   . . .     Conserve .     (helmet restricted)
rPois  .         rCorr    .     p - amulet of clarity
rElec  .         rRot     .     t - cursed ring of flight
SustAb . .       Spirit   .     (no ring)
rMut   .         Warding  .     (no ring)
Saprov . . .     Stasis   .     (no ring)
MR     .....                    (no ring)
                                (no ring)
                                (no ring)
                                (no ring)

@: mighty, flying, not resistant to hostile enchantments, quite stealthy
A: almost no armour, amphibious, 8 rings, constrict 8, camouflage 1, gelatinous
body 1
a: no special abilities


You were on level 3 of the Dungeon.
You were hungry.

You visited 1 branch of the dungeon, and saw 3 of its levels.

You collected 100 gold pieces.

Inventory:

Hand weapons
 u - a +0 blowgun
Missiles
 b - 12 arrows
 v - 8 poisoned needles
Magical devices
 x - a wand of slowing (11) {unknown}
Comestibles
 a - a bread ration
 g - an apple
 j - a cheese
 o - 2 meat rations
Scrolls
 c - 2 scrolls of remove curse {unknown}
 e - 2 scrolls of recharging {unknown}
 f - 3 scrolls of identify
 h - 2 scrolls of blinking {unknown}
 i - a scroll of enchant armour {unknown}
 l - a scroll of enchant weapon II {unknown}
 m - a scroll of amnesia {unknown}
 n - a scroll of curse armour {unknown}
 s - a scroll of enchant weapon I {unknown}
Jewellery
 p - an amulet of clarity (around mantle)
 t - a cursed ring of flight (left tentacle)
Books
 d - a book of Changes

   Spells                             Type                      Level
   *Beastly Appendage                 Transmutation                1
   Sticks to Snakes                   Transmutation                2
   *Spider Form                       Transmutation/Poison         3
   Ice Form                           Ice/Transmutation            4
   Blade Hands                        Transmutation                5


   Skills:
 + Level 1.2 Fighting
 + Level 2.7 Dodging
 + Level 2.2 Stealth
 + Level 3.8 Unarmed Combat
 + Level 2.7 Spellcasting
 + Level 2.8 Transmutations


You had 5 spell levels left.
You knew the following spells:

 Your Spells              Type           Power        Failure   Level  Hunger
a - Beastly Appendage     Trmt           ##....       8%          1    #......
b - Spider Form           Trmt/Pois      #.........   34%         3    ###....


Dungeon Overview and Level Annotations

Branches:
Dungeon (3/16)

Altars:
Elyvilon
the Shining One


Innate Abilities, Weirdness & Mutations

You cannot wear most types of armour.
You are amphibious.
You can wear up to eight rings at the same time.*
You can use your tentacles to constrict many enemies at once.*
Your skin changes colour to match your surroundings (Stlth).*
Your rubbery body absorbs attacks (AC +1).*


Message History

You are too injured to fight recklessly!
You are too injured to fight recklessly!
The orc misses you.
The orc unwields an uncursed orcish whip.
The orc drops an uncursed orcish whip.
The orc picks up an orcish mace.
The orc wields an orcish mace.
There is an open door here.
Drink which item? (? for menu, Esc to quit)
You feel very buoyant.
You fly up into the air.
It was a potion of flight.
The orc barely misses you.
Drink which item? (? for menu, Esc to quit)
You feel very mighty all of a sudden. The orc hits you.
* * * LOW HITPOINT WARNING * * *
You are too injured to fight recklessly!
You are too injured to fight recklessly!
You are too injured to fight recklessly!
You barely miss the orc. You grab the orc. Your squeeze misses the orc.
You constrict the orc. The orc hits you.
You die...

..... ... ###
#)#####_### ##
#..##.....# .#
###'##♣...♣# .#
#..o##.....# .#
#...##♣...♣# .####
#...####'### ....###
#...oo@..#
......#####....#####
....#....##....#
....####..'....#
....# ####..).#
....# #....# ....#
#....# #########
##'### ........#
#..#


You could see 2 orcs.

Vanquished Creatures
  An orc wizard (D:3)
  2 adders (D:2)
  2 worms (D:2)
  5 giant geckos
  An ooze (D:2)
  7 orcs (D:3)
  2 ball pythons (D:2)
  10 bats
  A giant cockroach (D:1)
  7 goblins
  5 hobgoblins
  4 jackals (D:2)
  A quokka (D:2)
  A giant newt (D:2)
  6 kobolds
  4 rats
59 creatures vanquished.

Notes
Turn   | Place    | Note
--------------------------------------------------------------
     0 | D:1      | Piginabag, the Octopode Transmuter, began the quest for the Orb.
     0 | D:1      | Reached XP level 1. HP: 13/13 MP: 3/3
   290 | D:1      | Reached XP level 2. HP: 18/18 MP: 4/4
   930 | D:2      | Reached XP level 3. HP: 21/23 MP: 6/6
   935 | D:2      | Learned a level 3 spell: Spider Form
  1028 | D:2      | Reached skill level 1 in Stealth
  1691 | D:2      | Reached XP level 4. HP: 28/28 MP: 5/7
  2568 | D:3      | Found a white marble altar of Elyvilon.
  2730 | D:3      | Found a glowing golden altar of the Shining One.
  2757 | D:3      | Reached XP level 5. HP: 25/33 MP: 6/9
  2772 | D:3      | Slain by an orc

Action                   |  1- 3 |  4- 6 || total
-------------------------+-------+-------++-------
Melee: Unarmed           |    99 |    55 ||   154
 Cast: Beastly Appendage |    10 |     5 ||    15
       Spider Form       |       |     8 ||     8
  Use: Potion            |     1 |     3 ||     4
       Scroll            |       |     2 ||     2
 Stab: Sleeping          |     2 |     3 ||     5
       Confused          |     2 |       ||     2
